 Dungeon Crawl Stone Soup version 0.31-a0-4-gefa6de2278 (webtiles) character file.

Game seed: 6403336692291247249

716 retardedninja the Firebug (level 7, -1/51 HPs)
             Began as a Gnoll Fire Elementalist on May 4, 2023.
             Slain by Duvessa
             ... wielding a +0 short sword
              (8 damage)
             ... on level 5 of the Dungeon.
             The game lasted 00:09:02 (6568 turns).

retardedninja the Firebug (Gnoll Fire Elementalist) Turns: 6568, Time: 00:09:03

Health: -1/51      AC:  3    Str:  8    XL:     7   Next: 69%
Magic:  4/15       EV: 13    Int: 16    God:
Gold:   299        SH:  0    Dex: 12    Spells: 14/17 levels left

rFire   + . .        h - staff of fire
rCold   . . .        (no shield)
rNeg    . . .        j - +0 robe
rPois   .            m - +0 helmet
rElec   .            (no cloak)
rCorr   .            (no gloves)
SInv    .            (no boots)
Will    .....        (no amulet)
Stlth   +            (no ring)
HPRegen 0.28/turn    (no ring)
MPRegen 0.14/turn

%: no passive effects
@: lit by a corona, glowing
A: fangs 1, strong nose, distributed training
a: no special abilities


You were on level 5 of the Dungeon.
You visited 1 branch of the dungeon, and saw 5 of its levels.

You collected 299 gold pieces.

Inventory:

Armour
 j - a +0 robe (worn)
 m - a +0 helmet (worn)
 n - a +0 pair of gloves
Magical Staves
 h - a staff of fire (weapon)
Wands
 l - a wand of roots (7)
Scrolls
 a - a scroll of magic mapping {unknown}
 b - a scroll of fear {unknown}
 c - 2 scrolls of teleportation {unknown}
 e - 8 scrolls of identify {unknown}
 f - a scroll of noise {unknown}
 g - 4 scrolls of blinking {unknown}
 k - a scroll of vulnerability {unknown}
 o - a scroll of poison {unknown}
 p - a scroll of fog {unknown}
 q - a scroll of enchant armour {unknown}
Potions
 d - a potion of magic
 i - a potion of haste {unknown}
 r - a potion of invisibility {unknown}
 s - a potion of flight {unknown}
 t - a potion of attraction {unknown}
 u - a potion of might {unknown}


   Skills:
 + Level 2.7 Fighting
 + Level 2.7 Short Blades
 + Level 2.7 Long Blades
 + Level 2.7 Axes
 + Level 2.7 Maces & Flails
 + Level 2.7 Polearms
 + Level 2.7 Staves
 + Level 2.7 Ranged Weapons
 + Level 2.7 Throwing
 + Level 2.7 Armour
 + Level 5.4 Dodging
 + Level 5.0 Stealth
 + Level 2.7 Shields
 + Level 2.7 Unarmed Combat
 + Level 5.7 Spellcasting
 + Level 3.1 Conjurations
 + Level 2.2 Hexes
 + Level 2.2 Summonings
 + Level 2.2 Necromancy
 + Level 2.2 Translocations
 + Level 2.2 Transmutations
 + Level 5.9 Fire Magic
 + Level 2.2 Ice Magic
 + Level 2.2 Air Magic
 + Level 2.2 Earth Magic
 + Level 2.2 Poison Magic
 + Level 3.0 Invocations
 + Level 2.7 Evocations


You had 14 spell levels left.
You knew the following spells:

 Your Spells              Type           Power      Damage    Failure   Level
a - Foxfire               Conj/Fire      100%       2x1d9     2%          1
b - Scorch                Fire           70%        2d7       1%          2

Your spell library contained the following spells:

 Spells                   Type           Power      Damage    Failure   Level
 Inner Flame              Hex/Fire       26%        N/A       8%          3
 Volatile Blastmotes      Fire/Tloc      52%        2d14      8%          3
 Hailstorm                Conj/Ice       13%        3d5       14%         3
 Flame Wave               Conj/Fire      28%        2d9       22%         4
 Sticky Flame             Conj/Fire      28%        2d5       22%         4
 Ice Form                 Ice/Tmut       11%        N/A       50%         4
 Simulacrum               Ice/Necr       5%         N/A       100%        6


Dungeon Overview and Level Annotations

Branches:
Dungeon (5/15)
 Temple: D:4-7

Altars:
Ashenzari
Dithmenos
Hepliaklqana
Kikubaaqudgha
Makhleb
Yredelemnul
Zin

Annotations:
D:3 1 runed translucent door
D:5 Duvessa


Innate Abilities, Weirdness & Mutations

You have very sharp teeth.
Your uncanny sense of smell can sniff out nearby items.
Your experience applies equally to all skills.


Message History

You kill the orc!
Duvessa struggles to escape constriction.
Unknown command.
Casting: Scorch (safe; 1% risk of failure)
Confirm with . or Enter, or press ? or * to list all spells.
You feel a surge of power!
Flames lash Duvessa.
Duvessa resists.
Duvessa is moderately wounded.
Duvessa's fire resistance burns away.
The grasping roots constrict Duvessa!
Duvessa rages.
Duvessa escapes!
An orc wizard comes into view. It is wielding a +0 dagger.
Duvessa hits you with a +0 short sword!
Unknown command.
Aiming: Fastroot
Press: ? - help, Q - select action, (/) - cycle Shift-Dir - straight line, f/p - Duvessa
Aim: Duvessa, wielding a +0 short sword, wearing a +2 leather armour of fire resistance and quivering stones (heavily wounded, berserk, fast, more vulnerable to fire)
The roots erupt in riotous growth!
Roots grab Duvessa.
The grasping roots constrict Duvessa.
Duvessa hits you with a +0 short sword!
Unknown command.
The grasping roots constrict Duvessa!
The roots release their grip on Duvessa.
Duvessa closely misses you. Duvessa barely misses you.
Duvessa is no longer more vulnerable to fire.
Things that are here:
a +0 short sword; an orc corpse; an iguana skeleton
Casting: Scorch (safe; 1% risk of failure)
Confirm with . or Enter, or press ? or * to list all spells.
You feel a surge of power!
Flames lash Duvessa but do no damage.
Duvessa hits you with a +0 short sword!
* * * LOW HITPOINT WARNING * * *
Duvessa hits you with a +0 short sword!
* * * LOW HITPOINT WARNING * * *
Okay, then.
Casting: Scorch (safe; 1% risk of failure)
Confirm with . or Enter, or press ? or * to list all spells.
You feel a surge of power!
Flames lash Duvessa.
Duvessa resists.
Duvessa is severely wounded.
Duvessa's fire resistance burns away.
Duvessa hits you with a +0 short sword!
You die...

.......
.....[.
.......
.......
.......
#####.......
#..).)..?[..
#e###)[.....
##@# ....[..
#..# .......
#<## .......
#.# ####...
#.# ... #.#
.. #.# #.#
#.#


You could see Duvessa (berserk, fast, combustible).

Vanquished Creatures
  A kobold brigand (D:4)
  2 scorpions
  Dowan (D:5)
  A human zombie (D:3)
  A hound (D:4)
  Jessica (D:2)
  3 iguanas
  An orc wizard (D:5)
  Natasha (thrice) (D:3)
  Robin (D:1)
  4 adders
  3 gnolls (D:4)
  An ufetubus (D:3)
  3 dart slugs
  20 orcs
  A ball python (D:1)
  9 endoplasms
  8 giant cockroaches
  15 goblins
  6 hobgoblins
  2 jackals (D:4)
  8 kobolds
  8 quokkas
  5 bats
  5 frilled lizards
  A jackal skeleton (D:3)
  A kobold zombie (D:3)
  5 rats
120 creatures vanquished.

Vanquished Creatures (others)
  381 foxfires
381 creatures vanquished.

Grand Total: 501 creatures vanquished

Notes
Turn   | Place    | Note
-------+----------+-------------------------------------------
     0 | D:1      | retardedninja the Gnoll Fire Elementalist began the quest
                  | for the Orb.
     0 | D:1      | Reached XP level 1. HP: 13/13 MP: 6/6
   206 | D:1      | Found a faded altar of an unknown god.
   271 | D:1      | Reached XP level 2. HP: 19/19 MP: 4/7
   933 | D:2      | Noticed Jessica
   942 | D:2      | Killed Jessica
   943 | D:2      | Reached skill level 5 in Spellcasting
   943 | D:2      | Reached skill level 1 in Invocations
   943 | D:2      | Reached XP level 3. HP: 6/25 MP: 4/9
  1023 | D:2      | Learned a level 2 spell: Scorch
  1182 | D:2      | Reached skill level 1 in Fighting
  1182 | D:2      | Reached skill level 1 in Short Blades
  1182 | D:2      | Reached skill level 1 in Long Blades
  1182 | D:2      | Reached skill level 1 in Axes
  1182 | D:2      | Reached skill level 1 in Maces & Flails
  1182 | D:2      | Reached skill level 1 in Polearms
  1182 | D:2      | Reached skill level 1 in Staves
  1182 | D:2      | Reached skill level 1 in Ranged Weapons
  1182 | D:2      | Reached skill level 1 in Throwing
  1182 | D:2      | Reached skill level 1 in Armour
  1182 | D:2      | Reached skill level 1 in Shields
  1182 | D:2      | Reached skill level 1 in Unarmed Combat
  1182 | D:2      | Reached skill level 1 in Evocations
  1460 | D:2      | Noticed Robin
  1472 | D:1      | Reached XP level 4. HP: 30/32 MP: 4/11
  2030 | D:1      | Killed Robin
  2031 | D:1      | Reached skill level 1 in Hexes
  2031 | D:1      | Reached skill level 1 in Summonings
  2031 | D:1      | Reached skill level 1 in Necromancy
  2031 | D:1      | Reached skill level 1 in Translocations
  2031 | D:1      | Reached skill level 1 in Transmutations
  2031 | D:1      | Reached skill level 1 in Ice Magic
  2031 | D:1      | Reached skill level 1 in Air Magic
  2031 | D:1      | Reached skill level 1 in Earth Magic
  2031 | D:1      | Reached skill level 1 in Poison Magic
  2138 | D:2      | Identified the +3 scale mail of Umei {rElec}
  2177 | D:2      | You fall into a shaft and drop 1 floor!
  2236 | D:3      | Noticed a scorpion
  2251 | D:3      | Found a runed translucent door.
  2251 | D:3      | Noticed a human
  2252 | D:3      | Found a basalt altar of Yredelemnul.
  2263 | D:3      | Reached XP level 5. HP: 8/37 MP: 10/12
  3154 | D:3      | Noticed Natasha
  3162 | D:3      | Killed Natasha
  3163 | D:3      | Reached XP level 6. HP: 40/44 MP: 8/14
  3177 | D:3      | Noticed Natasha
  3193 | D:3      | Killed Natasha
  3194 | D:3      | Reached skill level 5 in Dodging
  3231 | D:3      | Noticed Natasha
  3235 | D:3      | Killed Natasha
  4060 | D:3      | Found a broken altar of Ashenzari.
  5059 | D:4      | Found an ancient bone altar of Kikubaaqudgha.
  5061 | D:4      | Found a burning altar of Makhleb.
  5132 | D:4      | Reached XP level 7. HP: 50/50 MP: 11/15
  5442 | D:4      | Noticed a shadow
  5445 | D:4      | Found a shadowy altar of Dithmenos.
  5446 | D:4      | Found a hazy altar of Hepliaklqana.
  5637 | D:4      | Found a glowing silver altar of Zin.
  5894 | D:5      | Entered Level 5 of the Dungeon
  5927 | D:4      | Reached skill level 5 in Stealth
  6549 | D:5      | Noticed Duvessa
  6549 | D:5      | Noticed Dowan
  6560 | D:5      | Killed Dowan
  6568 | D:5      | Slain by Duvessa

Illustrated notes

Levels and vault maps discovered:
D:1:      reono_arrival_mine, layout_basic, hellmonk_ecumenical_altar_lost_god,
          minmay_misc_feat_doors
D:2:      layout_rooms, minmay_worlds_worst_comb, uniq_robin, uniq_jessica
D:3:      minmay_door_path, layout_basic, dk_yredelemnul_ordeal,
          mainiacjoe_overflow_alcove_1, serial_curves, eino_curves_04,
          eino_curves_02, eino_curves_02, minmay_between, uniq_natasha
D:4:      layout_loops_ring, riverfiend_overflow_shadow_ancestor, zin_academy,
          nicolae_overflow_squiral, minmay_misc_feat_chi
D:5:      layout_rooms, serial_shops, shop, kennysheep_decorative_pillar,
          due_unseen_surprise, uniq_duvessa

Skill      XL: |  1  2  3  4  5  6  7 |
---------------+----------------------+-----
Conjurations   | 2 3 |  3.1
Spellcasting   | 5 |  5.7
Invocations    | 1 2 3 |  3.0
Fighting       | 1 2 |  2.7
Short Blades   | 1 2 |  2.7
Long Blades    | 1 2 |  2.7
Axes           | 1 2 |  2.7
Maces & Flails | 1 2 |  2.7
Polearms       | 1 2 |  2.7
Staves         | 1 2 |  2.7
Ranged Weapons | 1 2 |  2.7
Throwing       | 1 2 |  2.7
Armour         | 1 2 |  2.7
Shields        | 1 2 |  2.7
Unarmed Combat | 1 2 |  2.7
Evocations     | 1 2 |  2.7
Hexes          | 1 2 |  2.2
Summonings     | 1 2 |  2.2
Necromancy     | 1 2 |  2.2
Translocations | 1 2 |  2.2
Transmutations | 1 2 |  2.2
Ice Magic      | 1 2 |  2.2
Air Magic      | 1 2 |  2.2
Earth Magic    | 1 2 |  2.2
Poison Magic   | 1 2 |  2.2
Dodging        | 5 |  5.4
Stealth        | 5 |  5.0
Fire Magic     | |  5.9

Action                     |  1- 3 |  4- 6 |  7- 9 || total
---------------------------+-------+-------+-------++-------
  Melee: Staff             |     3 |     5 |       ||     8
   Cast: Foxfire           |    71 |   139 |    30 ||   240
         Scorch            |     2 |    28 |    27 ||    57
  Evoke: Wand              |       |       |     4 ||     4
    Use: Potion            |       |     6 |       ||     6
 Armour: Robe              |     6 |    17 |     7 ||    30
         Skin              |       |    28 |       ||    28
  Dodge: Dodged            |    18 |    48 |    24 ||    90

Table legend: (Time is in decaauts)
 A = Elapsed time spent in this place.
 B = Non-inter-level travel time spent in this place.
 C = Inter-level travel time spent in this place.
 D = Time resting spent in this place.
 E = Time spent auto-exploring this place.
 F = Levels seen in this place.
 G = Mean time per level.
                   A        B        C        D        E       F      G
               +--------+--------+--------+--------+--------+-----+--------+
         Total |   6585 |   6437 |    148 |   1983 |   3483 |   5 | 1317.0 |
       Dungeon |   6585 |   6437 |    148 |   1983 |   3483 |   5 | 1317.0 |
               +--------+--------+--------+--------+--------+-----+--------+

Top non-repeatable levels by time:
     D:3: 2153 daAuts
     D:4: 1789 daAuts
     D:1: 1589 daAuts
     D:2: 934 daAuts
     D:5: 119 daAuts
